 Dungeon Crawl Stone Soup version 0.27-a0-1595-g0b823d0a13 (webtiles) character file.

Game seed: 5469207605900252295

7441 mandarbmax the Martial Artist (level 11, -12/76 (89) HPs)
             Began as a Gnoll Monk on July 21, 2021.
             Was a Plaything of Xom.
             Killed from afar by Josephine (33 damage)
             ... with a ghostly fireball
             ... on level 10 of the Dungeon.
             The game lasted 00:19:44 (11163 turns).

mandarbmax the Martial Artist (Gnoll Monk)         Turns: 11163, Time: 00:19:44

HP:   -12/76 (89)   AC: 12    Str: 12    XL:     11   Next: 15%
MP:   7/20          EV: 16    Int: 10    God:    Xom [.*....]
Gold: 352           SH:  6    Dex: 20    Spells: 15/22 levels left

rFire    . . .     SeeInvis .     - Unarmed
rCold    . . .     Faith    .   x - +0 buckler
rNeg     . . .     Spirit   .   y - +0 swamp dragon scales
rPois    +         Reflect  .   (helmet restricted)
rElec    .         Harm     .   n - +1 cloak
rCorr    .         Rampage  .   f - +0 pair of gloves
Will     .....                  (no boots)
Stlth    +++.......             (no amulet)
HPRegen  0.22/turn              D - ring of wizardry
MPRegen  0.17/turn              z - +6 ring of dexterity

@: very slightly contaminated, slowed, heavily drained, very slow
A: fangs 1, strong nose, distributed training, antennae 1, screaming 1, weak 1
a: Renounce Religion


You were on level 10 of the Dungeon.
You worshipped Xom.
You were a plaything of Xom.
You visited 1 branch of the dungeon, and saw 10 of its levels.
You also visited: Ossuary.

You collected 352 gold pieces.

Inventory:

Hand Weapons
 I - a +0 dagger of electrocution
Missiles
 A - 4 curare-tipped darts
Armour
 a - a +0 robe
 f - a +0 pair of gloves (worn)
 g - a +4 chain mail of fire resistance
 k - a +0 leather armour
 m - a +4 plate armour of fire resistance
 n - a +1 cloak (worn)
 x - a +0 buckler (worn)
 y - +0 swamp dragon scales (worn)
Jewellery
 z - a +6 ring of dexterity (right hand)
 D - a ring of wizardry (left hand)
Wands
 b - a wand of polymorph (6) (quivered)
 B - a wand of digging (6)
 C - a wand of iceblast (17)
 J - a wand of flame (12)
Scrolls
 c - 5 scrolls of blinking
 e - 3 scrolls of amnesia
 h - 4 scrolls of teleportation
 i - a scroll of fear
 j - 4 scrolls of enchant weapon
 o - a scroll of immolation
 q - a scroll of fog
 s - 2 scrolls of vulnerability
 t - a scroll of torment
 v - 2 scrolls of magic mapping
 w - a scroll of silence
 E - a scroll of holy word {unknown}
 G - a scroll of summoning
Potions
 d - 4 potions of brilliance
 l - 2 potions of heal wounds
 p - 2 potions of lignification
 r - 3 potions of curing
 F - 2 potions of might
 H - a potion of flight


   Skills:
 + Level 9.0 Fighting
 + Level 6.0 Short Blades
 + Level 6.0 Long Blades
 + Level 6.0 Axes
 + Level 6.0 Maces & Flails
 + Level 6.0 Polearms
 + Level 6.0 Staves
 + Level 6.0 Slings
 + Level 6.0 Bows
 + Level 6.0 Crossbows
 + Level 6.0 Throwing
 + Level 6.0 Armour
 + Level 9.0 Dodging
 + Level 7.4 Stealth
 + Level 6.0 Shields
 + Level 9.0 Unarmed Combat
 + Level 6.0 Spellcasting
 + Level 5.0 Conjurations
 + Level 5.0 Hexes
 + Level 5.0 Summonings
 + Level 5.0 Necromancy
 + Level 5.0 Translocations
 + Level 5.0 Transmutations
 + Level 5.0 Fire Magic
 + Level 5.0 Ice Magic
 + Level 5.0 Air Magic
 + Level 5.0 Earth Magic
 + Level 5.0 Poison Magic
 + Level 6.6 Invocations
 + Level 6.0 Evocations


You had 15 spell levels left.
You knew the following spells:

 Your Spells              Type           Power      Damage    Failure   Level
a - Swiftness             Air            13%        N/A       6%          3
b - Olgreb's Toxic Radia  Pois           13%        N/A       21%         4

Your spell library contained the following spells:

 Spells                   Type           Power      Damage    Failure   Level
 Corona                   Hex            14%        N/A       2%          1
 Magic Dart               Conj           52%        1d5       2%          1
 Ensorcelled Hibernation  Hex/Ice        26%        N/A       3%          2
 Passwall                 Tmut/Erth      10%        N/A       3%          2
 Searing Ray              Conj           26%        3d4       3%          2
 Slow                     Hex            13%        N/A       3%          2
 Confusing Touch          Hex            13%        N/A       6%          3
 Tukima's Dance           Hex            13%        N/A       6%          3
 Fulminant Prism          Conj/Hex       6%         3d7       21%         4
 Metabolic Englaciation   Hex/Ice        6%         N/A       50%         5
 Yara's Violent Unravell  Hex/Tmut       6%         3d5       50%         5
 Invisibility             Hex            6%         N/A       96%         6
 Polar Vortex             Ice            6%         N/A       100%        9


Dungeon Overview and Level Annotations

Branches:
Dungeon (10/15)            Temple (0/1) D:6         Ossuary (visited)
   Lair: D:8-11         Orc: D:9-12

Altars:
Elyvilon
Xom

Annotations:
D:10 Josephine


Innate Abilities, Weirdness & Mutations

You have very sharp teeth.
Your uncanny sense of smell can sniff out nearby items.
Your experience applies equally to all skills.
You have a pair of small antennae on your head.
You occasionally shout uncontrollably at your foes.
You are weak. (Str -2)


Message History

Josephine is moderately wounded.
The two-headed ogre is poisoned.
Your toxic aura wanes.
The wraith hits you! The wraith drains your vigour!
You feel yourself slow down. Josephine misses you.
Unknown command.
You closely miss Josephine.
Josephine is moderately wounded.
You block the wraith's attack. Josephine completely misses you.
A wraith comes into view.
Unknown command.
Unknown command.
Casting: Olgreb's Toxic Radiance (dangerous; 21% risk of failure)
Confirm with . or Enter, or press ? or * to list all spells.
You miscast Olgreb's Toxic Radiance.
You are very lightly contaminated with residual magic.
You feel incredibly sick. You resist.
Josephine points at you and mumbles some strange words.
The ghostly flame explodes!
The ghostly fireball engulfs you!!
You feel drained.
* * * LOW HITPOINT WARNING * * *
A shower of butterflies erupts from you!
The ghostly fireball engulfs your butterfly!
Your butterfly is drained!
Your butterfly dies!
The ghostly fireball engulfs your butterfly!!
Your butterfly is drained!
Your butterfly dies!
Xom is highly amused!
The ghostly fireball engulfs Josephine.
Josephine completely resists.
Josephine hits you with a +0 dagger.
* * * LOW HITPOINT WARNING * * *
Unknown command.
The wraith barely misses you.
Unknown command.
Josephine gestures at you while chanting.
The ghostly flame explodes!
The ghostly fireball engulfs you!!
You feel drained.
You die...
Xom giggles madly!

.# ..#....#........# ∆ W
.........######.# .#
..####....# #.# . #.##.#
### #### . .#### ##.#
.########.... .. #.#..##..#
##.......... ...#.##..#.###
#..$..?.)..
......##...###.##W.......<.
##########......@@.........
##.###.##.W.b##### #..# #
##TWW.#...#.. #...## #
#..##.'.8.'..
...T.######.#.##..#...#..
...... #.........W# ###
....( .........##.... .....
##.......#### . .... ∆
#.......#


You could see Josephine (poisoned, ally target), a troll (poisoned) and 4
wraiths.

Vanquished Creatures
  A two-headed ogre (D:8)
  A glowing orange brain (D:5)
  Pikel (D:4)
  An eye of devastation (D:9)
  Maggie (D:6)
  A troll (D:9)
  A hornet (D:9)
  Grinder (D:4)
  Sigmund (D:4)
  9 yaks
  2 wyverns
  The ghost of Persephone the Shield-Bearer, an amateur OpFi (D:3)
  A water moccasin (D:7)
  2 orc warriors (D:9)
  3 ice beasts
  A black bear (D:6)
  A sky beast (D:5)
  An ogre (D:5)
  A tengu (D:8)
  A centaur (D:9)
  A kobold brigand (D:3)
  3 elf zombies (Ossuary)
  2 bullfrogs
  A scorpion (D:7)
  8 wights
  3 howler monkeys
  5 hounds
  6 human zombies (Ossuary)
  3 centaur zombies
  A bullfrog skeleton (D:6)
  2 orc priests
  A centaur skeleton (D:6)
  Ijyb (D:4)
  Natasha (thrice) (D:4)
  8 orc wizards
  2 mummies (Ossuary)
  A howler monkey zombie (D:8)
  4 gnolls (D:6)
  5 adders
  A howler monkey skeleton (D:7)
  A shadow imp (D:7)
  2 white imps (D:6)
  A worm (D:2)
  A dart slug (D:2)
  18 orcs
  8 ball pythons
  3 endoplasms
  4 giant cockroaches
  3 goblins
  10 hobgoblins
  11 jackals
  11 kobolds
  2 quokkas
  4 bats
  4 frilled lizards (D:1)
  7 rats
183 creatures vanquished.

Vanquished Creatures (collateral kills)
  A mummy (Ossuary)
1 creature vanquished.

Vanquished Creatures (others)
  An elf zombie (Ossuary)
1 creature vanquished.

Grand Total: 185 creatures vanquished

Notes
Turn   | Place    | Note
-------+----------+-------------------------------------------
     0 | D:1      | mandarbmax the Gnoll Monk began the quest for the Orb.
     0 | D:1      | Reached XP level 1. HP: 23/23 MP: 1/1
   113 | D:1      | Reached XP level 2. HP: 29/29 MP: 2/2
   494 | D:1      | Reached XP level 3. HP: 35/35 MP: 3/3
   528 | D:1      | Found a faded altar of an unknown god.
   537 | D:1      | Became a worshipper of Xom the Unpredictable
   568 | D:1      | XOM: divination: detect creatures
   966 | D:2      | XOM: polymorph hobgoblin -> adder
   972 | D:2      | Reached skill level 1 in Invocations
  1270 | D:2      | Reached skill level 1 in Short Blades
  1270 | D:2      | Reached skill level 1 in Long Blades
  1270 | D:2      | Reached skill level 1 in Axes
  1270 | D:2      | Reached skill level 1 in Maces & Flails
  1270 | D:2      | Reached skill level 1 in Polearms
  1270 | D:2      | Reached skill level 1 in Staves
  1270 | D:2      | Reached skill level 1 in Slings
  1270 | D:2      | Reached skill level 1 in Bows
  1270 | D:2      | Reached skill level 1 in Crossbows
  1270 | D:2      | Reached skill level 1 in Throwing
  1270 | D:2      | Reached skill level 1 in Armour
  1270 | D:2      | Reached skill level 1 in Shields
  1270 | D:2      | Reached skill level 1 in Spellcasting
  1270 | D:2      | Reached skill level 1 in Evocations
  1293 | D:2      | Reached XP level 4. HP: 29/41 MP: 5/5
  1890 | D:3      | Found a runed translucent gate.
  1890 | D:3      | Found a runed translucent gate.
  1890 | D:3      | Found a runed translucent gate.
  1892 | D:3      | Noticed Persephone's ghost (amateur OpFi)
  1894 | D:3      | Noticed a kobold brigand
  2237 | D:3      | XOM: 1-stop teleportation journey
  2252 | D:3      | Reached skill level 1 in Conjurations
  2252 | D:3      | Reached skill level 1 in Hexes
  2252 | D:3      | Reached skill level 1 in Summonings
  2252 | D:3      | Reached skill level 1 in Necromancy
  2252 | D:3      | Reached skill level 1 in Translocations
  2252 | D:3      | Reached skill level 1 in Transmutations
  2252 | D:3      | Reached skill level 1 in Fire Magic
  2252 | D:3      | Reached skill level 1 in Ice Magic
  2252 | D:3      | Reached skill level 1 in Air Magic
  2252 | D:3      | Reached skill level 1 in Earth Magic
  2252 | D:3      | Reached skill level 1 in Poison Magic
  2336 | D:3      | Found a white marble altar of Elyvilon.
  2570 | D:3      | XOM: draining
  2728 | D:4      | Noticed Ijyb
  2732 | D:4      | Noticed Natasha
  2738 | D:4      | XOM: noise
  2743 | D:4      | Killed Ijyb
  2744 | D:4      | Reached XP level 5. HP: 44/47 MP: 5/7
  2745 | D:4      | Killed Natasha
  2769 | D:4      | XOM: summons 4 hostile shadow creatures
  2889 | D:4      | Noticed a lemure
  2890 | D:4      | XOM: cleaving
  2891 | D:4      | XOM: destruction
  2891 | D:4      | Noticed Pikel
  2896 | D:4      | Noticed a lemure
  2902 | D:4      | Noticed a lemure
  2903 | D:4      | Noticed a lemure
  2913 | D:4      | XOM: enchant monster (bad)
  2918 | D:4      | XOM: noise
  2921 | D:4      | Killed Pikel
  2922 | D:4      | Reached XP level 6. HP: 19/55 MP: 7/9
  2922 | D:4      | Reached XP level 7. HP: 21/60 MP: 7/10
  3318 | D:4      | Noticed Natasha
  3335 | D:4      | Killed Natasha
  3399 | D:4      | Reached skill level 5 in Stealth
  3465 | D:4      | XOM: give mutations
  3465 | D:4      | Gained mutation: You sometimes lose the ability to read
                  | scrolls when taking damage. [Xom's mischief]
  3465 | D:4      | Gained mutation: Your body sometimes deteriorates upon
                  | taking damage. [Xom's mischief]
  3495 | D:4      | Noticed Grinder
  3508 | D:4      | Killed Grinder
  3509 | D:4      | Reached XP level 8. HP: 61/67 MP: 10/12
  3550 | D:4      | Noticed Sigmund
  3550 | D:4      | XOM: chaos upgrade
  3598 | D:4      | Killed Sigmund
  3866 | D:4      | Noticed Natasha
  3879 | D:4      | Killed Natasha
  3994 | D:5      | Entered Level 5 of the Dungeon
  3994 | D:5      | Noticed a two-headed ogre
  3999 | D:5      | Noticed a glowing orange brain
  3999 | D:5      | a two-headed ogre changed into a glowing orange brain
  4010 | D:5      | XOM: cleaving
  4015 | D:5      | XOM: swap monsters
  4016 | D:5      | XOM: enchant monster (bad)
  4030 | D:5      | Killed a glowing orange brain
  4037 | D:5      | Reached XP level 9. HP: 64/72 MP: 12/14
  4188 | D:5      | XOM: 6-stop teleportation journey
  4364 | D:5      | XOM: polymorph iguana -> goblin
  4800 | D:6      | XOM: 1-stop teleportation journey
  5181 | D:6      | Found a staircase to the Ecumenical Temple.
  5391 | D:6      | XOM: enchant monster (good)
  5616 | D:6      | XOM: scenery: summon butterflies
  5624 | D:6      | Lost mutation: You sometimes lose the ability to read
                  | scrolls when taking damage. [potion of mutation]
  5624 | D:6      | Lost mutation: Your body sometimes deteriorates upon taking
                  | damage. [potion of mutation]
  5624 | D:6      | Gained mutation: You have a pair of small antennae on your
                  | head. [potion of mutation]
  5624 | D:6      | Gained mutation: You are weak. (Str -2) [potion of
                  | mutation]
  5639 | D:6      | Noticed Maggie
  5640 | D:6      | XOM: summons 7 friendly demons
  5675 | D:6      | Killed Maggie
  6133 | D:6      | XOM: stat loss: -1 Str (11/12)
  6297 | D:7      | Identified the +6 mace "Qiklios" {pain, rPois rF+ Dex+5
                  | Stlth-}
  6358 | D:7      | Reached skill level 5 in Invocations
  6492 | D:7      | XOM: summons 1 hostile shadow creature
  6557 | D:7      | XOM: chaos cloud
  6579 | D:7      | XOM: give mutations
  6579 | D:7      | Gained mutation: You occasionally shout uncontrollably at
                  | your foes. [Xom's mischief]
  6579 | D:7      | Gained mutation: You are very weak. (Str -4) [Xom's
                  | mischief]
  6579 | D:7      | Lost mutation: You are very weak. (Str -4) [Xom's mischief]
  6582 | D:7      | XOM: scenery: 2 doors open
  7332 | D:7      | XOM: chaos upgrade
  7365 | D:7      | XOM: 3-stop teleportation journey
  7647 | D:8      | Learned a level 3 spell: Swiftness
  7757 | D:8      | Noticed a hornet
  7761 | D:8      | Paralysed by a hornet for 2 turns
  7765 | D:8      | a hornet changed into a tengu
  7765 | D:8      | XOM: polymorph hornet -> tengu
  7772 | D:8      | Reached XP level 10. HP: 60/80 MP: 17/17
  7783 | D:8      | Noticed a two-headed ogre
  7796 | D:8      | XOM: butterfly on damage
  7798 | D:8      | XOM: 1-stop teleportation journey
  7804 | D:8      | Killed a two-headed ogre
  7805 | D:8      | Reached skill level 5 in Short Blades
  7805 | D:8      | Reached skill level 5 in Long Blades
  7805 | D:8      | Reached skill level 5 in Axes
  7805 | D:8      | Reached skill level 5 in Maces & Flails
  7805 | D:8      | Reached skill level 5 in Polearms
  7805 | D:8      | Reached skill level 5 in Staves
  7805 | D:8      | Reached skill level 5 in Slings
  7805 | D:8      | Reached skill level 5 in Bows
  7805 | D:8      | Reached skill level 5 in Crossbows
  7805 | D:8      | Reached skill level 5 in Throwing
  7805 | D:8      | Reached skill level 5 in Armour
  7805 | D:8      | Reached skill level 5 in Shields
  7805 | D:8      | Reached skill level 5 in Spellcasting
  7805 | D:8      | Reached skill level 5 in Evocations
  7896 | D:8      | XOM: stat loss: -1 Int (9/10)
  7925 | D:8      | Found a sand-covered staircase.
  7930 | Ossuary  | Entered an ossuary
  7943 | Ossuary  | XOM: scenery: 4 doors open
  7946 | Ossuary  | XOM: confuse monster(s)
  7955 | Ossuary  | XOM: silly message
  7962 | Ossuary  | XOM: confuse monster(s)
  7981 | Ossuary  | XOM: noise
  8017 | Ossuary  | XOM: enchant monster (bad)
  8018 | Ossuary  | XOM: enchant monster (good)
  8024 | Ossuary  | XOM: summons friendly white imp
  8129 | Ossuary  | XOM: divination: magic mapping
  8268 | Ossuary  | XOM: 3-stop teleportation journey
  8358 | Ossuary  | XOM: scenery: 1 doors close
  8494 | D:8      | XOM: enchant monster (good)
  8510 | D:8      | XOM: potion effect (curing)
  8519 | D:8      | XOM: blink monster(s)
  8979 | D:8      | XOM: noise
  9097 | D:9      | XOM: divination: detect items
  9178 | D:9      | XOM: smoke on damage
  9483 | D:9      | XOM: fog
  9806 | D:9      | XOM: smoke on damage
  9824 | D:9      | XOM: confuse monster(s)
  9830 | D:9      | XOM: divination: magic mapping
  9843 | D:9      | Reached XP level 11. HP: 60/87 MP: 19/19
 10268 | D:9      | Noticed a two-headed ogre
 10271 | D:9      | a two-headed ogre changed into an eye of devastation
 10277 | D:9      | XOM: confuse monster(s)
 10328 | D:9      | Got the Grimoire of the Frostbite and Contamination
 10345 | D:9      | XOM: silly message
 10428 | D:9      | Learned a level 4 spell: Olgreb's Toxic Radiance
 10774 | D:3      | Killed Persephone's ghost
 10775 | D:3      | Reached skill level 5 in Conjurations
 10775 | D:3      | Reached skill level 5 in Hexes
 10775 | D:3      | Reached skill level 5 in Summonings
 10775 | D:3      | Reached skill level 5 in Necromancy
 10775 | D:3      | Reached skill level 5 in Translocations
 10775 | D:3      | Reached skill level 5 in Transmutations
 10775 | D:3      | Reached skill level 5 in Fire Magic
 10775 | D:3      | Reached skill level 5 in Ice Magic
 10775 | D:3      | Reached skill level 5 in Air Magic
 10775 | D:3      | Reached skill level 5 in Earth Magic
 10775 | D:3      | Reached skill level 5 in Poison Magic
 11110 | D:10     | Entered Level 10 of the Dungeon
 11146 | D:10     | XOM: noise
 11148 | D:10     | Noticed Josephine
 11148 | D:10     | XOM: 4-stop teleportation journey
 11157 | D:10     | Noticed a two-headed ogre
 11161 | D:10     | XOM: butterfly on damage
 11163 | D:10     | Killed from afar by Josephine

Illustrated notes

Levels and vault maps discovered:
D:1:      minmay_arrival_shattered_statue, layout_loops_ring, serial_glass,
          glass_columns_a, glass_columns_c, glass_columns_b, glass_columns_c,
          glass_columns_b, shapermc_ecumenical_altar_notcrosses, minivault_24
D:2:      wad_lake_hut, layout_basic
D:3:      minmay_spotlight, layout_loops_cross,
          mainiacjoe_overflow_concentric_impassable,
          gammafunk_ghost_nasty_kobolds, minmay_misc_feat_four_crosses
D:4:      layout_loops_ring, small_statue_intersection,
          minmay_misc_feat_enclosed, uniq_sigmund, uniq_ijyb, uniq_grinder,
          uniq_natasha, uniq_pikel
D:5:      layout_basic, serial_bayou_crossing
D:6:      layout_basic, minmay_temple_entry_hall, uniq_maggie
D:7:      layout_basic, kennysheep_path_1
D:8:      layout_basic, enter_ossuary_2
D:9:      layout_long_grid
D:10:     layout_rooms, david_orc_4, grunt_decor_clamped, minmay_shop_damaged,
          abandoned_shop, minmay_misc_feat_room, uniq_josephine, uniq_urug

Skill      XL: |  1  2  3  4  5  6  7  8  9 10 11 |
---------------+----------------------------------+-----
Invocations    | 1 2 3 4 5 6 |  6.6
Short Blades   | 1 2 3 4 5 6 |  6.0
Long Blades    | 1 2 3 4 5 6 |  6.0
Axes           | 1 2 3 4 5 6 |  6.0
Maces & Flails | 1 2 3 4 5 6 |  6.0
Polearms       | 1 2 3 4 5 6 |  6.0
Staves         | 1 2 3 4 5 6 |  6.0
Slings         | 1 2 3 4 5 6 |  6.0
Bows           | 1 2 3 4 5 6 |  6.0
Crossbows      | 1 2 3 4 5 6 |  6.0
Throwing       | 1 2 3 4 5 6 |  6.0
Armour         | 1 2 3 4 5 6 |  6.0
Shields        | 1 2 3 4 5 6 |  6.0
Spellcasting   | 1 2 3 4 5 6 |  6.0
Evocations     | 1 2 3 4 5 6 |  6.0
Conjurations   | 1 2 3 4 5 |  5.0
Hexes          | 1 2 3 4 5 |  5.0
Summonings     | 1 2 3 4 5 |  5.0
Necromancy     | 1 2 3 4 5 |  5.0
Translocations | 1 2 3 4 5 |  5.0
Transmutations | 1 2 3 4 5 |  5.0
Fire Magic     | 1 2 3 4 5 |  5.0
Ice Magic      | 1 2 3 4 5 |  5.0
Air Magic      | 1 2 3 4 5 |  5.0
Earth Magic    | 1 2 3 4 5 |  5.0
Poison Magic   | 1 2 3 4 5 |  5.0
Fighting       | 7 8 9 |  9.0
Dodging        | 7 8 9 |  9.0
Unarmed Combat | 7 8 9 |  9.0
Stealth        | 5 6 7 |  7.4

Action                   |  1- 3 |  4- 6 |  7- 9 | 10-12 || total
-------------------------+-------+-------+-------+-------++-------
Melee: Unarmed           |    69 |   198 |   342 |   456 ||  1065
       Punch             |     1 |     1 |     2 |       ||     4
       Bite              |     6 |    16 |    45 |    58 ||   125
Throw: Dart              |       |       |     3 |     3 ||     6
 Cast: Olgreb's Toxic Ra |       |       |       |     5 ||     5
Evoke: Wand              |       |       |     5 |     7 ||    12
  Use: Scroll            |       |     7 |     8 |     8 ||    23
       Potion            |       |     2 |     2 |     1 ||     5
 Stab: Sleeping          |     7 |       |     1 |     2 ||    10
       Confused          |       |     1 |     2 |     6 ||     9
       Distracted        |       |       |       |     1 ||     1
Armor: Robe              |     6 |       |       |       ||     6
       Plate armour      |     3 |   102 |       |       ||   105
       Leather armour    |     1 |       |       |       ||     1
       Chain mail        |       |    16 |   114 |       ||   130
       Skin              |       |     1 |       |       ||     1
       Swamp dragon scal |       |       |    39 |    99 ||   138
Dodge: Dodged            |    34 |    33 |   114 |   178 ||   359
Block: Buckler           |       |       |    35 |    75 ||   110

Table legend: (Time is in decaauts)
 A = Elapsed time spent in this place.
 B = Non-inter-level travel time spent in this place.
 C = Inter-level travel time spent in this place.
 D = Time resting spent in this place.
 E = Time spent auto-exploring this place.
 F = Levels seen in this place.
 G = Mean time per level.
                   A        B        C        D        E       F      G
               +--------+--------+--------+--------+--------+-----+--------+
         Total |  11075 |  10254 |    821 |    671 |   7475 |  11 | 1006.8 |
       Dungeon |  10626 |   9805 |    821 |    671 |   7228 |  10 | 1062.6 |
       Ossuary |    449 |    449 |      0 |      0 |    247 |   1 |  449.0 |
               +--------+--------+--------+--------+--------+-----+--------+

Top non-repeatable levels by time:
     D:6: 1689 daAuts
     D:9: 1512 daAuts
     D:4: 1453 daAuts
     D:7: 1153 daAuts
     D:3: 1118 daAuts
     D:8: 1112 daAuts
     D:2: 983 daAuts
     D:5: 793 daAuts
     D:1: 754 daAuts
 Ossuary: 449 daAuts
    D:10: 54 daAuts
